 Dungeon Crawl Stone Soup version 0.22.0-21-g8bd1b0a76a (webtiles) character file.

618 kalamies123 the Skirmisher (level 7, -1/64 HPs)
             Began as a Minotaur Fighter on Aug 20, 2018.
             Was an Initiate of Gozag.
             Slain by a gnoll
             ... wielding a cursed +0 halberd
              (5 damage)
             ... on level 5 of the Dungeon.
             The game lasted 00:18:08 (4038 turns).

kalamies123 the Skirmisher (Minotaur Fighter)       Turns: 4038, Time: 00:18:11

Health: -1/64      AC:  8    Str: 27    XL:     7   Next: 21%
Magic:  6/6        EV:  8    Int:  5    God:    Gozag
Gold:   222        SH: 11    Dex:  9    Spells: 6/6 levels left

rFire    . . .     SeeInvis .   a - +1 war axe
rCold    . . .     Gourm    +   c - +0 shield
rNeg     + . .     Faith    .   b - +0 scale mail
rPois    .         Spirit   .   (helmet restricted)
rElec    .         Reflect  .   y - +0 cloak
rCorr    .         Harm     .   (no gloves)
MR       .....                  (no boots)
Stlth    ..........             t - amulet of the gourmand
HPRegen  0.20/turn              g - ring of positive energy
MPRegen  0.10/turn              h - +4 ring of strength

@: lethally poisoned (-1 -> -7), glowing
A: retaliatory headbutt, horns 2
a: Potion Petition, Call Merchant, Bribe Branch, Renounce Religion


You were on level 5 of the Dungeon.
You worshipped Gozag.
Gozag was aware of your devotion.
You were completely stuffed.

You visited 1 branch of the dungeon, and saw 5 of its levels.

You collected 327 gold pieces.
You paid 105 gold pieces to Gozag.

Inventory:

Hand Weapons
 a - a +1 war axe (weapon)
 x - a +2 whip of electrocution
 E - a +1 falchion of electrocution
Missiles
 u - 5 javelins of penetration (quivered)
 v - 3 throwing nets
Armour
 b - a +0 scale mail (worn)
 c - a +0 shield (worn)
 y - a +0 cloak (worn)
Jewellery
 g - a ring of positive energy (left hand)
 h - a +4 ring of strength (right hand)
 t - an amulet of the gourmand (around neck)
 A - an uncursed ring of positive energy
Scrolls
 i - a scroll of random uselessness {unknown}
 l - 3 scrolls of identify
 o - 2 scrolls of enchant weapon
 p - 4 scrolls of remove curse {unknown}
 q - 3 scrolls of teleportation {unknown}
 r - 2 scrolls of blinking {unknown}
 s - a scroll of amnesia {unknown}
Potions
 d - a potion of might
 e - 3 potions of flight
 j - a potion of brilliance {unknown}
 k - 2 potions of degeneration
 m - 3 potions of haste
 n - 2 potions of curing
 w - a potion of magic {unknown}
 z - a potion of invisibility {unknown}
 B - a potion of agility {unknown}
 C - 2 potions of lignification {unknown}
Comestibles
 f - 5 rations


   Skills:
 + Level 6.5 Fighting
 + Level 5.9 Axes
 - Level 3.6 Armour
 + Level 6.4 Shields


You had 6 spell levels left.
You didn't know any spells.
Your spell library was empty.

Dungeon Overview and Level Annotations

Branches:
Dungeon (5/15)
 Temple: D:4-7

Altars:
Dithmenos
Elyvilon
Gozag
Kikubaaqudgha
Zin

Shops:
D:4 =

Annotations:
D:4 2 transporters


Innate Abilities, Weirdness & Mutations

You reflexively headbutt those who attack you in melee.
You have a pair of horns on your head.


Message History

You block the gnoll shaman's attack. The gnoll hits you but does no damage.
Your shield and scale mail prevent you from hitting the gnoll shaman.
Your headbutt misses the gnoll shaman.
The gnoll shaman is lightly wounded.
The gnoll hits you from afar with a halberd of venom.
The gnoll hits you but does no damage.
The gnoll shaman calls upon its god to speed up the gnoll.
The gnoll seems to speed up.
The gnoll hits you from afar with a halberd of venom!
* * * LOW HITPOINT WARNING * * *
You are poisoned.
You block the gnoll's attack.
You barely miss the gnoll shaman.
The gnoll shaman is lightly wounded.
You feel sick. You block the gnoll's attack. The gnoll closely misses you.
The gnoll shaman hits you with a whip!
* * * LOW HITPOINT WARNING * * *
The gnoll hits you from afar with a halberd.
You die...
Your body crumbles into a pile of gold.

######### ........#
#######.########
#..............
#..........##### ##
#..###..........
#...####g.###..##.#####
#...@gg..##..##.# #
#...####g..##..##.# #
## #..........( #
#..###..##.# # ########
#g.# #..##.# # ........
#..# #..##.. # ........
.... #....## .#######
#.#. #.... .###########
#.... ...###


You could see a gnoll shaman and 3 gnolls.

Vanquished Creatures
  An ice beast (D:5)
  A centaur (D:5)
  A scorpion (D:5)
  3 jellies (D:5)
  A hound (D:4)
  A centaur skeleton (D:5)
  2 worker ants (D:4)
  A hound skeleton (D:2)
  3 gnolls (D:2)
  7 adders
  A howler monkey skeleton (D:4)
  An ooze (D:1)
  An adder zombie (D:5)
  A worm (D:3)
  A dart slug (D:2)
  2 leopard geckos (D:2)
  7 orcs
  13 bats
  A giant cockroach (D:3)
  5 goblins
  8 hobgoblins
  11 jackals
  5 kobolds
  3 quokkas
  A ball python (D:3)
  A frilled lizard (D:2)
  3 rats
86 creatures vanquished.

Notes
Turn   | Place    | Note
-------+----------+-------------------------------------------
     0 | D:1      | kalamies123 the Minotaur Fighter began the quest for the Orb.
     0 | D:1      | Reached XP level 1. HP: 19/19 MP: 0/0
   418 | D:1      | Reached XP level 2. HP: 23/27 MP: 1/1
   929 | D:2      | Reached XP level 3. HP: 29/33 MP: 2/2
  1048 | D:2      | Found a glowing silver altar of Zin.
  1100 | D:2      | Found a shadowy altar of Dithmenos.
  1178 | D:2      | Reached XP level 4. HP: 5/41 MP: 3/3
  1958 | D:3      | Reached skill level 5 in Fighting
  1995 | D:3      | Reached XP level 5. HP: 47/48 MP: 4/4
  2288 | D:3      | Reached skill level 5 in Shields
  2592 | D:4      | Found a transporter.
  2738 | D:4      | Found Bolumyer's Jewellery Boutique.
  3002 | D:4      | Found a white marble altar of Elyvilon.
  3038 | D:4      | Found a transporter.
  3039 | D:4      | Noticed an ice beast
  3039 | D:4      | Noticed an ice beast
  3039 | D:4      | Noticed an ice beast
  3380 | D:5      | Entered Level 5 of the Dungeon
  3395 | D:5      | Reached XP level 6. HP: 50/56 MP: 5/5
  3427 | D:5      | Reached skill level 5 in Axes
  3809 | D:5      | Found an ancient bone altar of Kikubaaqudgha.
  3809 | D:5      | Found an opulent altar of Gozag.
  3821 | D:5      | Became a worshipper of Gozag Ym Sagoz the Greedy
  3949 | D:5      | Reached XP level 7. HP: 56/63 MP: 6/6
  4038 | D:5      | Slain by a gnoll

Skill      XL: |  1  2  3  4  5  6 |
---------------+-------------------+-----
Axes           | 3 4 5 |  5.9
Fighting       | 4 5 6 |  6.5
Shields        | 4 5 6 |  6.4
Armour         | |  3.6

Action                   |  1- 3 |  4- 6 |  7- 9 || total
-------------------------+-------+-------+-------++-------
Melee: War axe           |    64 |   133 |    11 ||   208
       Headbutt          |    13 |    22 |     1 ||    36
  Use: Scroll            |     1 |     5 |       ||     6
       Potion            |       |       |     1 ||     1
  Eat: Chunk             |     1 |    17 |       ||    18
Armor: Scale mail        |    51 |    54 |     7 ||   112
Dodge: Dodged            |    33 |    50 |     3 ||    86
Block: Shield            |    66 |    79 |    10 ||   155
